 Dungeon Crawl Stone Soup version 0.17.1-3-g152610e (webtiles) character file.

226 manyhoops the Ruffian (level 5, -3/41 HPs)
             Began as a Demonspawn Gladiator on Apr 25, 2016.
             Was an Initiate of Trog.
             Slain by a centaur (5 damage)
             ... on level 5 of the Dungeon.
             The game lasted 00:05:23 (4041 turns).

manyhoops the Ruffian (Demonspawn Gladiator)        Turns: 4041, Time: 00:05:23

Health: -3/41      AC:  5    Str: 16    XL:     5   Next: 69%
Magic:  5/5        EV: 11    Int:  9    God:    Trog [......]
Gold:   253        SH:  0    Dex: 14    Spells: 0 memorised, 4 levels left

rFire  + . .     SeeInvis .       - Unarmed
rCold  + . .     Clarity  .     e - +0 ring mail
rNeg   . . .     SustAt   .     (no shield)
rPois  +         Gourm    .     (helmet restricted)
rElec  +         Spirit   .     (no cloak)
rCorr  +         Warding  .     (no gloves)
rMut   .         Stasis   .     (no boots)
MR     +....                    (no amulet)
Stlth  +.........               (no ring)
                                m - ring of protection from magic

@: resistant, somewhat resistant to hostile enchantments, very unstealthy
A: horns 2
a: Burn Spellbooks, Renounce Religion


You were on level 5 of the Dungeon.
You worshipped Trog.
Trog was noncommittal.
You were not hungry.

You visited 2 branches of the dungeon, and saw 6 of its levels.

You collected 253 gold pieces.

Inventory:

Missiles
 c - 3 throwing nets (quivered)
Armour
 a - a +0 leather armour
 b - a +0 helmet
 e - a +0 ring mail (worn)
Jewellery
 m - a ring of protection from magic (left hand)
 o - an uncursed ring of positive energy {unknown}
Wands
 u - a wand of random effects (17)
Scrolls
 g - 3 scrolls of remove curse
 i - 2 scrolls of noise
 j - a scroll of random uselessness {unknown}
 k - a scroll of recharging {unknown}
 n - a scroll of magic mapping {unknown}
 s - a scroll of immolation {unknown}
 v - a scroll of identify
 w - a scroll of blinking {unknown}
Potions
 q - 2 potions of brilliance
 t - a potion of curing {unknown}
Comestibles
 d - 2 bread rations
 f - 2 chunks of flesh
 h - a fruit
 p - 2 meat rations
 r - a royal jelly


   Skills:
 + Level 3.2 Fighting
 - Level 1.7 Throwing
 + Level 2.7 Armour
 - Level 2.6 Dodging
 * Level 4.4 Unarmed Combat


You had 4 spell levels left.
You didn't know any spells.

Dungeon Overview and Level Annotations

Branches:
Dungeon (5/15)             Temple (1/1) D:5

Altars:
Cheibriados
Dithmenos
Fedhas
Gozag
Kikubaaqudgha
Okawaru
Ru
Trog
Vehumet
Xom


Innate Abilities, Weirdness & Mutations

You have a pair of horns on your head.


Message History

A centaur is nearby!
A centaur is nearby!
A centaur is nearby!
A centaur is nearby!
The centaur shoots an arrow.
The arrow hits you!
* * * LOW HITPOINT WARNING * * *
The centaur shoots an arrow.
The arrow hits you.
* * * LOW HITPOINT WARNING * * *
You see here 2 arrows.
A crimson imp comes into view.
The crimson imp shouts!
The centaur unwields an uncursed shortbow.
The centaur hits you but does no damage.
A jelly comes into view.
You see here an arrow.
It was a potion of resistance.
You feel protected.
The jelly quivers.
The centaur hits you.
You die...

## #. ##. ..
######################.
#.....@(.......).......
......c####.....)##.###.
##..... #......##.# #.
#..... #......##.###.
###.#5 #.............
#.#. #########.##.. . ..
.......)8 J# #.
##.#.#..> #.#.#..8


You could see a centaur, a jelly and a crimson imp.

Vanquished Creatures
  An orc wizard (D:4)
  A hound (D:4)
  2 iguanas (D:4)
  A worker ant (D:5)
  2 adders
  A worm (D:2)
  3 giant geckos
  9 orcs
  A ball python (D:3)
  4 bats
  3 giant cockroaches
  14 goblins
  5 hobgoblins
  5 jackals
  5 kobolds
  4 giant newts
  A quokka skeleton (D:4)
  3 rats
65 creatures vanquished.

Notes
Turn   | Place    | Note
--------------------------------------------------------------
     0 | D:1      | manyhoops the Demonspawn Gladiator began the quest for the Orb.
     0 | D:1      | Reached XP level 1. HP: 16/16 MP: 1/1
    88 | D:1      | Gained mutation: You have a pair of small horns on your head. [demonic ancestry]
    88 | D:1      | Reached XP level 2. HP: 20/22 MP: 2/2
   108 | D:1      | Reached skill level 1 in Armour
   223 | D:1      | Reached skill level 3 in Unarmed Combat
   745 | D:2      | Gained mutation: You have a pair of horns on your head. [demonic ancestry]
   745 | D:2      | Reached XP level 3. HP: 12/28 MP: 3/3
   988 | D:2      | Found an opulent altar of Gozag.
  1947 | D:3      | Reached XP level 4. HP: 32/34 MP: 4/4
  1992 | D:3      | Found a snail-covered altar of Cheibriados.
  2191 | D:4      | Found a shimmering altar of Xom.
  3003 | D:4      | Reached skill level 4 in Unarmed Combat
  3003 | D:4      | Reached XP level 5. HP: 20/40 MP: 5/5
  3532 | D:5      | Entered Level 5 of the Dungeon
  3581 | D:5      | Found an ancient bone altar of Kikubaaqudgha.
  3586 | D:5      | Found a radiant altar of Vehumet.
  3645 | D:5      | Found a staircase to the Ecumenical Temple.
  3654 | D:5      | Noticed a phantom
  3663 | Temple   | Entered the Ecumenical Temple
  3678 | Temple   | Became a worshipper of Trog the Wrathful
  4036 | D:5      | Noticed a centaur
  4039 | D:5      | HP: 1/41 [centaur/arrow (6)]
  4041 | D:5      | Slain by a centaur

Action                   |  1- 3 |  4- 6 || total
-------------------------+-------+-------++-------
Melee: Unarmed           |   136 |   117 ||   253
Evoke: Wand              |       |     1 ||     1
  Use: Scroll            |       |     4 ||     4
       Potion            |       |     3 ||     3
  Eat: Meat ration       |     1 |       ||     1
       Chunk             |       |     5 ||     5
